 Dungeon Crawl Stone Soup version 0.31.0-11-ge490571c62 (webtiles) character file.

Game seed: 583866707896787642

29 Xavori the Trooper (level 3, 30/30 HPs)
             Began as a Djinni Chaos Knight on Jan 29, 2024.
             Was a Plaything of Xom.
             Quit the game on level 2 of the Dungeon.
             The game lasted 00:01:30 (10988 turns).

Xavori the Trooper (Djinni Chaos Knight)           Turns: 10988, Time: 00:01:30

Health: 30/30      AC:  5    Str: 10 (11) XL:     3   Next: 32%
Gold:   149        EV: 12    Int: 13      God:    Xom [..*...] SH:  0 Dex: 14

rFire   + + .        a - +0 falchion (chaos)
rCold   x . .        (no shield)
rNeg    . . .        b - +2 leather armour
rPois   ∞            (helmet restricted)
rElec   .            (no cloak)
rCorr   .            i - +1 pair of gloves {hurl}
SInv    .            (boots unavailable)
Will    .....        (no amulet)
Stlth   +            (no ring)
HPRegen 0.25/turn    (no ring)
MPRegen 0.00/turn

%: no passive effects
@: flying, bezotted
A: sickness immunity, fire resistance 2, cold vulnerability 1, float, innate
caster, HP casting, extra vitality 1, horns 1, deformed body
a: Renounce Religion


You were on level 2 of the Dungeon.
You worshipped Xom.
You were a toy of Xom.
You visited 1 branch of the dungeon, and saw 2 of its levels.

You collected 149 gold pieces.

Inventory:

Hand Weapons
 a - a +0 falchion of chaos (weapon)
Armour
 b - a +2 leather armour (worn)
 i - a +1 pair of gloves of hurling (worn)
Scrolls
 c - a scroll of butterflies
 e - a scroll of torment {unknown}
 g - a scroll of fear {unknown}
Potions
 d - 2 potions of might {unknown}
 f - a potion of magic {unknown}
 h - a potion of curing {unknown}


   Skills:
 + Level 3.3 Fighting
 + Level 3.2 Long Blades
 + Level 1.4 Armour
 + Level 2.3 Dodging
 + Level 0.1 Stealth


You knew the following spells:

 Your Spells              Type           Power      Damage    Failure   Level
a - Summon Small Mammal   Summ           0%         N/A       38%         1
Your spell library was empty.

Dungeon Overview and Level Annotations

Branches:
Dungeon (2/15) Zot: 997

Altars:


Innate Abilities, Weirdness & Mutations

You are immune to sickness and miasma.
You are immune to poison.
Your flesh is very heat resistant. (rF++)
You are vulnerable to cold. (rC-)
You float through the air rather than walking.
You learn spells naturally, not from books.
Your magical power is your life essence.
You have superior vitality. (+4 MHP)
You have a pair of small horns on your head.
Armour fits poorly on your strangely shaped body.


Message History

You start waiting.
Done waiting.
You start waiting.
Done waiting.
You start waiting.
Done waiting.
You start waiting.
Done waiting.
You start waiting.
You start waiting.
Done waiting.
You start waiting.
Done waiting.
You start waiting.
Done waiting.
You start waiting.
Done waiting.
You start waiting.
Done waiting.
You start waiting.
Done waiting.
You start waiting.
Done waiting.
You start waiting.
Xom is getting BORED.
You start waiting.
You are now a BORING thing.
You are now a toy of Xom.
You start waiting.
You start waiting.
Done waiting.
You start waiting.
You start waiting.
You start waiting.
Xom makes a sudden noise!
You hear a sizzling sound.
You start waiting.
You have lingered too long.
Zot senses you.
Dive deeper or flee this branch before you suffer!
You fly downwards.
There is a stone staircase leading up here.
Okay, then.
Are you sure you want to abandon this character and quit the game? (Confirm with "yes".)

#.#
#.#
#.#
#.#
#.#
#.#
#.#
##.#
#.@#
#.##
#.#
#.#
#.#
#.#
#.#
#.#


There were no monsters in sight!

Vanquished Creatures
  A dart slug (D:1)
  2 bats (D:1)
  5 endoplasms
  2 giant cockroaches (D:1)
  2 hobgoblins
  3 ball pythons (D:1)
  3 frilled lizards (D:1)
  2 goblins (D:1)
  2 kobolds (D:1)
  3 rats (D:1)
25 creatures vanquished.

Notes
Turn   | Place    | Note
-------+----------+-------------------------------------------
     0 | D:1      | Xavori the Djinni Chaos Knight began the quest for the Orb.
     0 | D:1      | Reached XP level 1. HP: 20/20 MP: 0/0
   141 | D:1      | Reached XP level 2. HP: 25/25 MP: 0/0
   198 | D:1      | XOM: butterfly on damage
   412 | D:1      | Reached XP level 3. HP: 18/30 MP: 0/0
   412 | D:1      | Learned a level 1 spell: Summon Small Mammal
   521 | D:1      | Found a faded altar of an unknown god.
   539 | D:1      | XOM: silly message
   714 | D:1      | XOM: cloud trail
   824 | D:1      | XOM: divination: magic mapping
  1224 | D:1      | XOM: god gift: +1 pair of gloves of hurling
  2046 | D:1      | XOM: give mutation
  2046 | D:1      | Gained mutation: Armour fits poorly on your strangely
                  | shaped body. [Xom's mischief]
  4946 | D:1      | XOM: god gift: 31 gold pieces
  5047 | D:1      | XOM: divination: detect items
  5179 | D:1      | XOM: god gift: 40 gold pieces
  5184 | D:1      | XOM: summons 2 hostile demons
  5514 | D:1      | XOM: give mutation
  5514 | D:1      | Gained mutation: You have a pair of small horns on your
                  | head. [Xom's mischief]
  6430 | D:1      | XOM: noise
  6718 | D:1      | XOM: noise
  6726 | D:1      | XOM: torment (16/30 hp)
  6872 | D:1      | XOM: summons 2 hostile demons
  6985 | D:2      | XOM is BORED!
  6985 | D:2      | XOM: noise
  7175 | D:1      | XOM: stat loss: -1 Str (10/11)
  7938 | D:1      | XOM: divination: magic mapping
  9247 | D:1      | XOM: silly message
 10641 | D:1      | XOM is BORED!
 10966 | D:1      | XOM: noise
 10985 | D:1      | Glimpsed the power of Zot.
 10988 | D:2      | Quit the game

Illustrated notes

Levels and vault maps discovered:
D:1:      onia_arrival_handbag, layout_loops_ring,
          hellmonk_ecumenical_altar_run_dry, st_stairs_11
D:2:      layout_loops_ring

Skill      XL: |  1  2 |
---------------+-------+-----
Long Blades    | 3 |  3.2
Fighting       | |  3.3
Armour         | |  1.4
Dodging        | |  2.3
Stealth        | |  0.1

Action                     || total
---------------------------++-------
  Melee: Falchion          ||    65
         Punch             ||     2
         Headbutt          ||     1
 Armour: Leather armour    ||    29
  Dodge: Dodged            ||    36
